[Event "Caplin Hastings Masters 2023-24"]
[Site "Hastings"]
[Date "2024.01.04"]
[Round "8.5"]
[White "Laurent-Paoli, Pierre"]
[Black "Petrov, Martin"]
[Result "1/2-1/2"]
[ECO "E16"]
[WhiteElo "2524"]
[BlackElo "2501"]
[Annotator "TA"]
[PlyCount "116"]
[EventDate "2023.12.18"]
[EventType "swiss"]
[EventCountry "ENG"]
[SourceTitle "playchess.com"]
[Source "ChessBase"]
[SourceQuality "1"]
[TimeControl "40/6000+30:3000+30"]

1. d4 Nf6 2. c4 e6 3. Nf3 b6 4. g3 Bb4+ 5. Bd2 Be7 6. Nc3 Bb7 7. Bg2 c6 8. Bf4 {[%emt 0:00:22] E16: Queen's Indian: 4 g3 Bb7 5 Bg2 Bb4+.} d5 9. cxd5 Nxd5 10. Nxd5 {[%emt 0:00:06] White has an edge.} cxd5 11. h4 Nc6 12. O-O Rc8 13. Qd3 h6 14. Rfc1 O-O {[%emt 0:09:57] [#]} 15. Bh3 $146 ({Predecessor:} 15. a3 Bd6 16. e3 Qd7 17. Bxd6 Qxd6 18. b4 Rc7 19. Rc3 Rfc8 20. Rac1 Ne7 21. b5 Rxc3 22. Rxc3 Rxc3 23. Qxc3 Qd8 24. a4 {½-½ Vecek,M (2304)-Stepanov,K (2356) EU-ch 2017 sf09 email}) 15... Bd6 16. e3 Qe7 17. a3 Rc7 18. Rc3 Rfc8 19. Rac1 Nb8 20. Qd2 Rxc3 21. Rxc3 Rxc3 22. Qxc3 Nd7 23. Bxd6 Qxd6 24. Ne5 Nf8 25. Bf1 f6 26. Nd3 g5 27. hxg5 hxg5 28. Bh3 Qc6 29. Qxc6 Bxc6 $11 {[%emt 0:00:05][%mdl 4096] Endgame KBN-KBN} 30. f4 Bb5 31. Ne1 Kf7 32. Kf2 Nh7 33. Nf3 Bd3 34. Nd2 Ke7 35. Bg2 g4 36. Bf1 (36. e4 $11) 36... Bxf1 $15 37. Kxf1 {[%emt 0:00:03] KN-KN} Kd6 38. Ke2 f5 39. Kd3 Kc6 40. Kc3 Kb5 41. Kb3 Nf6 42. a4+ Kc6 43. Kc3 Ne8 (43... Nh5 $5 44. Nf1 $8 Nf6 $15) 44. b4 Nd6 45. Kd3 Kc7 46. Kc3 Nb7 47. Nb3 Nd8 48. Nd2 Nc6 49. Nb3 Ne7 50. Nd2 Ng8 51. Kb3 Nf6 52. Kc3 Nh5 53. Nf1 Nf6 54. Nd2 b5 55. a5 (55. axb5 $2 {loses.} Kb6 56. Kb3 Nh5 $19) 55... Nh5 56. Nf1 Nf6 57. Nd2 Nh5 58. Nf1 Nf6 {[%emt 0:00:04] Weighted Error Value: White=0.05 (flawless) /Black=0.05 (flawless)} 1/2-1/2

[Event "Caplin Hastings Masters 2023-24"]
[Site "Hastings"]
[Date "2024.01.04"]
[Round "8.6"]
[White "Sengupta, Deep"]
[Black "Gallagher, Joseph G."]
[Result "1-0"]
[ECO "B90"]
[WhiteElo "2501"]
[BlackElo "2427"]
[Annotator "TA"]
[PlyCount "65"]
[EventDate "2023.12.18"]
[EventType "swiss"]
[EventCountry "ENG"]
[SourceTitle "playchess.com"]
[Source "ChessBase"]
[SourceQuality "1"]
[TimeControl "40/6000+30:3000+30"]

1. e4 c5 2. Nf3 d6 3. d4 cxd4 4. Nxd4 Nf6 5. Nc3 a6 6. Rg1 b5 7. g4 {[%emt 0:00:54][%cal Bg2g4,Bg4g5][%mdl 32] 7.a4 deserves study. B90: Sicilian Najdorf: Unusual White 6th moves, 6 Be3 Ng4 and 6 Be3 e5.} Bb7 8. Bg2 e6 (8... e5 {keeps more tension.} 9. Nf5 b4 10. g5 g6) 9. g5 {[%emt 0:09:34] The position is equal.} Nfd7 10. f4 {[%emt 0:01:16] is the legacy move (10.Be3).} b4 11. Nce2 Nc5 12. Ng3 Nbd7 13. Qe2 Qc7 14. Be3 {[%emt 0:06:50] [#]} Na4 $146 ({Predecessor:} 14... Rc8 15. f5 e5 16. Nb3 Na4 17. O-O-O a5 18. Kb1 Nxb2 19. Kxb2 Qc3+ 20. Kb1 a4 {1-0 Kotronia,A (1769)-Tsarouha,M GRE-chT 34th 2005 (6)}) 15. O-O-O Ndb6 $1 16. e5 Bxg2 (16... d5 $5 17. f5 Nxb2 18. Nxe6 (18. Kxb2 $2 {too greedy.} Qc3+ 19. Kb1 Nc4 $19) 18... fxe6 19. Bxb6 (19. Kxb2 $2 {loses.} Na4+ 20. Kc1 b3 $19) 19... Qxb6 20. Kxb2 g6 $11) 17. Rxg2 {[%emt 0:10:54][%cal Bg1g2,Bg2e2,Be2e5][%mdl 32] Black must now prevent exd6.} (17. Qxg2 {simplifies} d5 18. Nb3 Nc4 19. Bd4) 17... dxe5 18. fxe5 {[%emt 0:06:26][%cal Og5g6] And now g6! would win.} Qxe5 19. Qf3 ({Better is} 19. Bg1 $11 Bd6 20. Ne4) 19... Nd5 $15 20. Re2 {[%emt 0:00:42] aiming for Nh5.} Bc5 {[%emt 0:10:36] [#]} (20... Be7 $11) 21. Nh5 $1 $16 O-O {[%emt 0:23:11] ...Qc7 is the strong threat.} 22. Bf4 Qxd4 23. Rxd4 Bxd4 24. Be5 {[%emt 0:00:23] Dancing on a razor blade.} Bxe5 25. Rxe5 Rfd8 26. Qg4 {[%emt 0:04:36] White is more active.} ({White should try} 26. Rxd5 $16 Rxd5 27. Nf4) 26... Nab6 {[%emt 0:00:37] [#]} (26... Nc5 $14) 27. Nf6+ $1 Kh8 (27... gxf6 $2 28. gxf6+ Kf8 29. Rxe6 fxe6 30. Qg7+ Ke8 31. f7+ (31. Qxh7 $2 {is the wrong capture.} Rac8 $19) 31... Kd7 32. f8=Q+ Kc6 33. Qf3 $18) 28. Nxd5 Nxd5 29. h4 a5 30. h5 {[%emt 0:00:04][%mdl 1024] White has strong compensation.} Ne7 (30... h6 $16 {is a better defense.}) 31. h6 Ng6 32. Rc5 Ra7 $2 {[%emt 0:00:23] [#]} (32... Kg8 $18 33. Qe4 Re8) 33. Qd4 $3 {[%emt 0:00:56][%mdl 576] Back Rank. Beautiful play by Sengupta!   Weighted Error Value: White=0.11 (very precise) /Black=0.40} 1-0

[Event "Caplin Hastings Masters 2023-24"]
[Site "Hastings"]
[Date "2024.01.04"]
[Round "8.7"]
[White "Gasanov, Eldar"]
[Black "Vestby-Ellingsen, Mads"]
[Result "1-0"]
[ECO "D06"]
[WhiteElo "2487"]
[BlackElo "2329"]
[Annotator "TA"]
[PlyCount "119"]
[EventDate "2023.12.18"]
[EventType "swiss"]
[EventCountry "ENG"]
[SourceTitle "playchess.com"]
[Source "ChessBase"]
[SourceQuality "1"]
[TimeControl "40/6000+30:3000+30"]

1. d4 d5 2. c4 c5 3. Nf3 cxd4 4. cxd5 Nf6 5. Qxd4 Qxd5 6. Nc3 Qxd4 7. Nxd4 a6 8. g3 Bd7 {[%emt 0:07:08] D06: Queen's Gambit: Symmetrical and Baltic Defences.} 9. Bg2 e5 10. Nb3 Bc6 {[%emt 0:00:16] White has an edge.} 11. O-O Bxg2 12. Kxg2 Nbd7 13. Rd1 O-O-O 14. Be3 Be7 15. Rac1 Kb8 16. Nd5 Nxd5 17. Rxd5 h6 {[%emt 0:16:30] [#]} ({Better is} 17... Rhe8) 18. Na5 $146 ({Predecessor:} 18. Rc2 Rhe8 19. Rcd2 Kc8 20. Na5 Bb4 21. Rc2+ Kb8 22. Nc4 f6 23. Rd3 Nf8 24. Rb3 {1-0 Duzhakov,I (2347)-Shefer,A (2178) Voronezh op-A 15th 2011 (5)}) 18... Rhe8 19. a3 (19. Rd3 $142 {Threatens to win with Rb3.} Bb4 20. Nxb7 Kxb7 21. Rb3) 19... f6 20. Rd3 $1 {[%emt 0:01:30] White is much more active.} Nf8 21. Rb3 Rd7 22. Rc6 Ka8 23. Nc4 {[%emt 0:02:54] And now Nb6+ would win.} bxc6 24. Nb6+ Kb7 25. Nxd7+ Kc7 26. Nxf8 Bxf8 $14 {[%emt 0:03:42][%mdl 4096] Endgame KRB-KRB} 27. Bb6+ Kc8 28. Ba5 Re6 29. Rd3 {[%emt 0:11:03] Black must now prevent Rd8+.} Be7 {[%emt 0:03:55] Repels Rd8+} 30. e4 c5 31. Kf3 h5 32. Ke3 Rc6 33. Rd5 Bd6 (33... c4 $11) 34. f4 $16 Kd7 35. Bc3 (35. fxe5 $16 fxe5 36. Kd3) 35... Ke6 $14 36. f5+ $1 Ke7 37. Ba5 Rc8 38. Kd3 Rb8 39. Bc3 Kd7 40. Kc4 Kc6 41. Rd2 Be7 42. b3 (42. g4 $16) 42... Rc8 {[%emt 0:01:55] [#]} (42... g6 $14) 43. Rd3 (43. g4 $1 $16) 43... Rb8 {[%emt 0:01:11] [#]} ({Black should play} 43... g6 $14) 44. Be1 ({White should try} 44. g4 $1 $16 ) 44... Bd6 {[%emt 0:00:46] This costs Black the game.} (44... g6 $14) 45. Bf2 $18 Be7 (45... Rg8 $142 46. Rd5 g6) 46. Rd5 Rb5 47. h3 Bd6 48. g4 hxg4 49. hxg4 Be7 50. g5 a5 $2 (50... Bd6 51. Be3 Be7) 51. g6 Rb8 52. Bxc5 Bd8 53. Bf8 Ra8 54. Rd6+ Kc7 55. Re6 Kd7 56. Bxg7 Rc8+ 57. Kd3 ({Less strong is} 57. Kd5 Be7 58. b4 (58. Bxf6 $2 Rc5#) 58... axb4 59. Rxe7+ (59. Bxf6 $2 Rc5#) (59. axb4 Bxb4 $11) 59... Kxe7 60. axb4 Rd8+ 61. Kc5 Rc8+ 62. Kd5 Rd8+ 63. Kc6 Rc8+ 64. Kd5 $16) 57... Rb8 58. Bxf6 Rxb3+ 59. Kc4 Re3 60. Bxd8 {[%emt 0:00:24] Weighted Error Value: White=0.10 (very precise) /Black=0.33} (60. g7 $142 Rg3 61. Bxe5 (61. Rxe5 Bxf6 62. Rd5+ Kc7 $14) 61... Rxg7 62. Bxg7 Be7 63. e5 Bxa3 64. Ra6 Kc8 65. f6) 1-0

[Event "Caplin Hastings Masters 2023-24"]
[Site "Hastings"]
[Date "2024.01.04"]
[Round "8.8"]
[White "Brown, Thomas"]
[Black "Lagarde, Maxime"]
[Result "0-1"]
[ECO "E24"]
[WhiteElo "2095"]
[BlackElo "2640"]
[Annotator "TA"]
[PlyCount "40"]
[EventDate "2023.12.18"]
[EventType "swiss"]
[EventCountry "ENG"]
[SourceTitle "playchess.com"]
[Source "ChessBase"]
[SourceQuality "1"]
[TimeControl "40/6000+30:3000+30"]

1. d4 Nf6 2. c4 e6 3. Nc3 Bb4 4. a3 Bxc3+ 5. bxc3 b6 6. f3 Nc6 {[%emt 0:00:55] E24: Nimzo-Indian: Sämisch: Unusual Black 5th moves and 5...c5 sidelines.} 7. e4 d6 8. Bd3 Na5 {[%emt 0:05:59] The position is equal.} 9. Bg5 h6 10. Bh4 Ba6 11. Qe2 Qd7 (11... c5 $5 ) 12. a4 {[%emt 0:15:39] [#]} O-O-O $146 ({Predecessor:} 12... Qc6 13. d5 Qb7 14. Bxf6 gxf6 15. Rb1 Qc8 16. Nh3 Nb7 17. Nf4 h5 18. g4 hxg4 19. fxg4 {0-1 El Gindy,E (2431)-Aronian,L (2758) FIDE World Cup 2019 (1.2)}) 13. Bxf6 gxf6 14. Nh3 e5 {[%emt 0:03:34] Against Nf4} (14... h5 $17) 15. c5 $2 {[%emt 0:05:40] [#] This move loses the game for White.} Bxd3 $19 16. Qxd3 dxc5 ({Much less strong is} 16... bxc5 17. Qa6+ Nb7 18. Rb1 $18 (18. Qxa7 Qc6 $14)) 17. d5 c4 18. Qc2 Rhg8 19. Kf1 Nb3 20. Nf2 $2 {[%emt 0:06:18] [#]} (20. Rd1) 20... Nxa1 {[%emt 0:00:15] Weighted Error Value: White=0.76/Black=0.14 (very precise)} 0-1

[Event "Caplin Hastings Masters 2023-24"]
[Site "Hastings"]
[Date "2024.01.04"]
[Round "8.9"]
[White "Boswell, Jacob Connor"]
[Black "Wadsworth, Matthew J"]
[Result "0-1"]
[ECO "B11"]
[WhiteElo "2235"]
[BlackElo "2448"]
[Annotator "RC"]
[PlyCount "74"]
[EventDate "2023.12.18"]
[EventType "swiss"]
[EventCountry "ENG"]
[SourceTitle "playchess.com"]
[Source "ChessBase"]
[SourceQuality "1"]
[TimeControl "40/6000+30:3000+30"]

1. e4 c6 2. Nc3 d5 3. Nf3 Bg4 4. h3 Bxf3 5. Qxf3 e6 6. d3 Nd7 7. Bd2 Qb6 8. O-O-O d4 9. Ne2 a5 10. e5 Bc5 11. c3 Nxe5 12. Qg3 Ng6 13. Nxd4 Bxd4 14. cxd4 Rd8 15. Be3 Qb5 16. h4 h5 17. Be2 N8e7 18. Qf3 Nf5 19. Qe4 Qb4 20. a3 Qb3 21. g4 hxg4 22. h5 Nge7 23. Bxg4 Rd5 24. Qf4 Rb5 25. Rd2 Qa2 26. Rc2 Nxe3 27. fxe3 Qa1+ 28. Kd2 Qxh1 29. Qb8+ Kd7 30. Qxh8 Qg1 31. Qxg7 f5 32. a4 Rb3 33. h6 fxg4 34. Qf7 Qh2+ 35. Kc1 Qh1+ 36. Kd2 Qxh6 37. d5 Qh2+ 0-1

[Event "Caplin Hastings Masters 2023-24"]
[Site "Hastings"]
[Date "2024.01.04"]
[Round "8.10"]
[White "Willow, Jonah B"]
[Black "Juknis, Paulius"]
[Result "1-0"]
[ECO "B31"]
[WhiteElo "2427"]
[BlackElo "2148"]
[Annotator "RC"]
[PlyCount "76"]
[EventDate "2023.12.18"]
[EventType "swiss"]
[EventCountry "ENG"]
[SourceTitle "playchess.com"]
[Source "ChessBase"]
[SourceQuality "1"]
[TimeControl "40/6000+30:3000+30"]

1. e4 c5 2. Nf3 Nc6 3. Bb5 g6 4. Bxc6 dxc6 5. d3 Bg7 6. h3 Nf6 7. Nc3 Nd7 8. Be3 e5 9. Qd2 h6 10. Nh2 b6 11. O-O Nf8 12. f4 exf4 13. Rxf4 Be6 14. Raf1 g5 15. R4f2 Qc7 16. a3 a5 17. Nf3 Rd8 18. Na4 Nd7 19. Qe2 Ne5 20. Nxe5 Bxe5 21. Qh5 Rd7 22. Kh1 Rg8 23. Bd2 Bd4 24. Re2 c4 25. e5 cxd3 26. cxd3 g4 27. h4 g3 28. Re4 Bf2 29. Be3 Rxd3 30. Bxf2 gxf2 31. Rxf2 Bd5 32. e6 Rh3+ 33. Kg1 Qh2+ 34. Kf1 Rf8 35. Qxf7+ Rxf7 36. exf7+ Kd7 37. Re7+ Kxe7 38. f8=Q+ Ke6 1-0

[Event "Caplin Hastings Masters 2023-24"]
[Site "Hastings"]
[Date "2024.01.04"]
[Round "8.11"]
[White "Fischer, Daniel"]
[Black "Grutter, Tim"]
[Result "1-0"]
[ECO "C84"]
[WhiteElo "2341"]
[BlackElo "2342"]
[Annotator "RC"]
[PlyCount "84"]
[EventDate "2023.12.18"]
[EventType "swiss"]
[EventCountry "ENG"]
[SourceTitle "playchess.com"]
[Source "ChessBase"]
[SourceQuality "1"]
[TimeControl "40/6000+30:3000+30"]

1. e4 e5 2. Nf3 Nc6 3. Bb5 a6 4. Ba4 Nf6 5. O-O d6 6. Re1 Bd7 7. Bxc6 Bxc6 8. Nc3 Be7 9. d4 O-O 10. dxe5 dxe5 11. Qxd8 Raxd8 12. Nxe5 Bxe4 13. Nxe4 Nxe4 14. Nd3 f5 15. f3 Bc5+ 16. Nxc5 Nxc5 17. Bg5 Rd5 18. Be7 Re8 19. c4 Kf7 20. cxd5 Rxe7 21. Rxe7+ Kxe7 22. Rd1 Kd6 23. Kf2 Na4 24. Kg3 g6 25. h4 b5 26. Rc1 Nc5 27. b4 Nd3 28. Rc6+ Kxd5 29. Rxc7 Nxb4 30. a3 Nc6 31. Rxh7 a5 32. Rb7 Nd4 33. Rb6 Kc5 34. Rxg6 b4 35. axb4+ axb4 36. Ra6 b3 37. Ra1 Ne2+ 38. Kh2 Nc3 39. h5 b2 40. Re1 Kc4 41. h6 Ne2 42. Rb1 Kd5 1-0

[Event "Caplin Hastings Masters 2023-24"]
[Site "Hastings"]
[Date "2024.01.04"]
[Round "8.12"]
[White "Hobson, Kenneth"]
[Black "Mikhalevski, Victor"]
[Result "0-1"]
[ECO "B40"]
[WhiteElo "2130"]
[BlackElo "2524"]
[Annotator "TA"]
[PlyCount "116"]
[EventDate "2023.12.18"]
[EventType "swiss"]
[EventCountry "ENG"]
[SourceTitle "playchess.com"]
[Source "ChessBase"]
[SourceQuality "1"]
[TimeControl "40/6000+30:3000+30"]

1. e4 c5 2. Nf3 e6 3. b3 Nc6 4. Bb2 b6 5. g3 Bb7 6. Bg2 {[%emt 0:00:11] B40: Sicilian: 2...e6, Unusual lines.} d5 7. exd5 Qxd5 8. Nc3 {[%emt 0:05:23] The position is equal.} Qd7 9. O-O Nf6 {[%emt 0:00:09] Dodges Ne4} 10. Re1 Be7 {[%emt 0:01:28] [#]} 11. d3 $146 ({Predecessor:} 11. Ne5 Nxe5 12. Rxe5 Bxg2 13. Kxg2 Qc6+ 14. Qf3 Qxf3+ 15. Kxf3 Nd7 16. Re2 Bf6 17. Na4 {0-1 Vitinik,M-Shuraev,A (2395) Vladivostok op2 1995 (2)}) 11... O-O 12. Ne4 Nd4 (12... Nxe4 {simplifies} 13. dxe4 Qc7 14. Qe2 Rfd8) 13. Ne5 Qc7 14. f4 (14. c3 $5 Nf5 15. Nxf6+ Bxf6 16. Ng4 $11) 14... Rad8 15. Bxd4 cxd4 16. Nxf6+ Bxf6 17. Bxb7 Qxb7 18. Qf3 Qc7 19. Rac1 Rd5 20. Ng4 Be7 21. Re2 b5 22. Qe4 Rfd8 23. Rf1 g6 (23... h5 $5 24. Ne5 Bf6 $11) 24. Ne5 Bf6 25. h4 (25. a4 $15 {was preferrable.}) 25... Bg7 $17 26. Nf3 Kf8 (26... R8d6 $17 {...f5 would be deadly.} 27. Rg2 Rc6) 27. Rh2 Rc5 (27... h5 $15) 28. Rff2 (28. h5 $11) 28... Qc6 (28... h5 $15 {is superior.}) 29. Rd2 ({White should try} 29. h5 $11) 29... Rc3 {[%emt 0:04:00] [#] And now ...Qxe4 would win.} 30. Rhf2 Rd5 31. Ne5 Rxe5 32. fxe5 Qxe4 33. dxe4 Rxg3+ $11 {[%emt 0:00:09][%mdl 4096] Endgame KRR-KRB} 34. Rg2 Rh3 35. Rxd4 Bxe5 36. Rd8+ Kg7 37. Re2 b4 38. Rd7 Rxh4 39. Kg2 $2 (39. Rf2 $11 {and White is okay.} Bf4 40. Rf3) 39... Rg4+ $2 (39... h5 $19 {...Rh2+ is the strong threat.} 40. Rxa7 Rg4+ 41. Kh1 Rh4+ 42. Kg2 g5) 40. Kh1 $17 Rh4+ $2 (40... h5 $17) 41. Kg2 $1 $19 g5 {[%emt 0:20:28] Threatens to win with ...Rh2+.} 42. Rxa7 g4 (42... h5 $19 {has better winning chances.} 43. Ra4 Bc3) 43. Ra5 $17 Rh2+ 44. Kf1 Rh1+ 45. Kg2 $1 Rh2+ 46. Kf1 Rxe2 47. Kxe2 $15 {[%emt 0:00:00] KR-KB} Kf6 48. a4 $1 bxa3 {[%emt 0:00:00] White must now prevent ...h5.} 49. Rxa3 $2 {[%emt 0:00:00][%mdl 8192] Loses the game.} (49. b4 $1 $11 {and White stays safe.}) 49... h5 $19 50. Ra8 {[%emt 0:00:00] [#]} Kg5 $1 {[%emt 0:00:00] Hoping for ...Kf4.} 51. Rg8+ (51. Ra7 $142 f5 52. exf5 exf5 53. Ra5) 51... Kf4 52. Rf8 f5 53. exf5 exf5 54. Kf2 h4 {[%emt 0:00:00] ( -> ...h3)} 55. Kg2 h3+ {[%emt 0:00:00] Black mates.} 56. Kh2 Ke4+ 57. Kh1 g3 58. Re8 f4 {[%emt 0:00:00] Weighted Error Value: White=0.44/Black=0.18 (very precise)} 0-1

[Event "Caplin Hastings Masters 2023-24"]
[Site "Hastings"]
[Date "2024.01.04"]
[Round "8.13"]
[White "Gormally, Daniel W"]
[Black "Beaumont, Chris R"]
[Result "1-0"]
[ECO "B06"]
[WhiteElo "2442"]
[BlackElo "2236"]
[Annotator "RC"]
[PlyCount "51"]
[EventDate "2023.12.18"]
[EventType "swiss"]
[EventCountry "ENG"]
[SourceTitle "playchess.com"]
[Source "ChessBase"]
[SourceQuality "1"]
[TimeControl "40/6000+30:3000+30"]

1. e4 d6 2. d4 Nf6 3. Nc3 g6 4. Be3 a6 5. a4 Bg7 6. Qd2 Nc6 7. d5 Ne5 8. h3 c6 9. a5 Ned7 10. g4 cxd5 11. exd5 b6 12. Nge2 Bb7 13. Bg2 e5 14. g5 Nh5 15. Ne4 Nc5 16. axb6 Nxe4 17. Bxe4 O-O 18. Ng3 Nf4 19. h4 Qd7 20. c4 a5 21. Rxa5 Rxa5 22. Qxa5 Ra8 23. Qc3 Qg4 24. Kd2 f5 25. gxf6 Bxf6 26. Bc2 1-0

[Event "Caplin Hastings Masters 2023-24"]
[Site "Hastings"]
[Date "2024.01.04"]
[Round "8.14"]
[White "Boyer, Mahel"]
[Black "Ismail, Mohammed Aayan"]
[Result "1-0"]
[ECO "B12"]
[WhiteElo "2427"]
[BlackElo "2115"]
[Annotator "RC"]
[PlyCount "77"]
[EventDate "2023.12.18"]
[EventType "swiss"]
[EventCountry "ENG"]
[SourceTitle "playchess.com"]
[Source "ChessBase"]
[SourceQuality "1"]
[TimeControl "40/6000+30:3000+30"]

1. e4 c6 2. d4 d5 3. e5 Bf5 4. Nf3 e6 5. Be2 Nd7 6. O-O Ne7 7. a4 Rc8 8. a5 a6 9. b4 h6 10. Ne1 g5 11. f4 gxf4 12. c3 Ng6 13. Bd3 Qg5 14. Bxf5 Qxf5 15. Nd3 Rg8 16. Bxf4 Nxf4 17. Nxf4 Rg4 18. Nh3 Qg6 19. Ra2 h5 20. Nf4 Qg5 21. Raf2 Bh6 22. Qd3 Nf8 23. Nd2 Rc7 24. Nb3 h4 25. Nc5 Re7 26. Qe2 Nh7 27. Kh1 Kd8 28. Nh3 Qg6 29. Rf3 Ke8 30. Nxb7 Rxb7 31. Qxa6 Rd7 32. Qc8+ Rd8 33. Qxc6+ Kf8 34. Qc7 Re8 35. Qxf7+ Qxf7 36. Rxf7+ Kg8 37. a6 Ra8 38. b5 Nf8 39. a7 1-0

[Event "Caplin Hastings Masters 2023-24"]
[Site "Hastings"]
[Date "2024.01.04"]
[Round "8.15"]
[White "Southcott-Moyers, Indy"]
[Black "Cherniaev, Alexander"]
[Result "0-1"]
[ECO "A55"]
[WhiteElo "2123"]
[BlackElo "2381"]
[Annotator "RC"]
[PlyCount "100"]
[EventDate "2023.12.18"]
[EventType "swiss"]
[EventCountry "ENG"]
[SourceTitle "playchess.com"]
[Source "ChessBase"]
[SourceQuality "1"]
[TimeControl "40/6000+30:3000+30"]

1. d4 Nf6 2. c4 d6 3. Nf3 Nbd7 4. Nc3 c6 5. e4 e5 6. Be2 Be7 7. O-O a6 8. a4 a5 9. Re1 O-O 10. Bf1 Re8 11. Qc2 Bf8 12. Be3 Ng4 13. Bg5 f6 14. Bh4 Nh6 15. h3 Nf7 16. Rad1 g6 17. Na2 Qe7 18. Nc3 Qd8 19. Na2 Bg7 20. Nc1 Qe7 21. Nb3 c5 22. dxc5 dxc5 23. Nbd2 Nd8 24. Nb1 Nc6 25. Nc3 Nf8 26. Nd5 Qf7 27. Nh2 h5 28. f3 Ne6 29. Bd3 Ned4 30. Qc3 Nb4 31. Bb1 Ra6 32. Bf2 f5 33. Qd2 Nbc6 34. exf5 gxf5 35. f4 e4 36. Ba2 Nb4 37. Nxb4 axb4 38. b3 Rd6 39. Qc1 Red8 40. Kf1 Bf6 41. h4 Qd7 42. Bg3 Qe7 43. Kf2 Bxh4 44. Nf1 Bxg3+ 45. Nxg3 Qh4 46. Rh1 Qxg3+ 47. Kxg3 Ne2+ 48. Kh4 Nxc1 49. Rxc1 Rd2 50. Bb1 Rxg2 0-1

[Event "Caplin Hastings Masters 2023-24"]
[Site "Hastings"]
[Date "2024.01.04"]
[Round "8.16"]
[White "Bai, Xue"]
[Black "Arkell, Keith C"]
[Result "1-0"]
[ECO "B12"]
[WhiteElo "2099"]
[BlackElo "2371"]
[Annotator "RC"]
[PlyCount "213"]
[EventDate "2023.12.18"]
[EventType "swiss"]
[EventCountry "ENG"]
[SourceTitle "playchess.com"]
[Source "ChessBase"]
[SourceQuality "1"]
[TimeControl "40/6000+30:3000+30"]

1. e4 c6 2. d4 d5 3. e5 c5 4. dxc5 Nc6 5. Nf3 Bg4 6. Be3 e6 7. c3 Bxf3 8. Qxf3 Qc7 9. Bb5 Qxe5 10. O-O a6 11. Bxc6+ bxc6 12. Nd2 Nf6 13. Rfe1 Qc7 14. Bd4 Be7 15. b4 O-O 16. Qg3 Qxg3 17. hxg3 a5 18. a3 Ra6 19. Nb3 Nd7 20. f4 Rfa8 21. f5 e5 22. Nxa5 Bd8 23. Bxe5 Bxa5 24. Bd6 Nf6 25. bxa5 Rxa5 26. Reb1 Nd7 27. Rb7 Nxc5 28. Rc7 Ne4 29. Rxc6 h5 30. Bb4 R5a7 31. Kh2 Rd7 32. a4 Nf2 33. a5 d4 34. cxd4 Rxd4 35. Be1 Ng4+ 36. Kg1 Re4 37. a6 Re2 38. Rcc1 Kh7 39. Ra3 Rae8 40. Raa1 Ra8 41. Ra3 Rc8 42. Bc3 Re3 43. a7 Ra8 44. Rca1 Rd3 45. Be1 Rd5 46. Ra5 Rd4 47. Bc3 Rd3 48. Bb4 Rxg3 49. R1a3 Rd8 50. Be1 Rxa3 51. Rxa3 Ra8 52. Bb4 Ne5 53. Bc5 Nc6 54. Ra6 Nxa7 55. Rxa7 Rc8 56. Ra5 Rd8 57. Kh2 Rd5 58. Bb6 Rd6 59. Be3 Rd3 60. Bf4 f6 61. g3 Rb3 62. Kh3 Rb1 63. Rc5 Rh1+ 64. Kg2 Ra1 65. Kf3 Ra3+ 66. Be3 Ra4 67. Rd5 Rb4 68. Bd4 Rb3+ 69. Kf4 Rb7 70. Rd6 Rb3 71. Rd7 Kh6 72. Bc5 Rb8 73. Ke4 Re8+ 74. Re7 Rd8 75. Bb6 Rb8 76. Be3+ Kh7 77. Kd5 Rb4 78. Re4 Rb8 79. Kd6 Rb5 80. Ke6 Ra5 81. Bf4 g6 82. Rd4 Rxf5 83. Rd7+ Kg8 84. Bh6 Rf3 85. Rg7+ Kh8 86. Rxg6 Kh7 87. Kf7 Ra3 88. Rxf6 Ra7+ 89. Ke8 Ra8+ 90. Kd7 Ra7+ 91. Kc8 Ra4 92. Bf4 Ra5 93. Re6 Rf5 94. Kd7 Kg7 95. Kd6 h4 96. Bh6+ Kf7 97. gxh4 Ra5 98. Re7+ Kg6 99. Bg5 Rf5 100. Re5 Rf1 101. Re6+ Kh5 102. Ke7 Rf2 103. Rf6 Rb2 104. Rh6+ Kg4 105. Kf7 Rb7+ 106. Kg6 Rb8 107. Bf6 1-0

[Event "Caplin Hastings Masters 2023-24"]
[Site "Hastings"]
[Date "2024.01.04"]
[Round "8.17"]
[White "Unuk, Laura"]
[Black "Evenshaug, Amadeus Hestvik"]
[Result "1-0"]
[ECO "B31"]
[WhiteElo "2345"]
[BlackElo "2041"]
[Annotator "RC"]
[PlyCount "89"]
[EventDate "2023.12.18"]
[EventType "swiss"]
[EventCountry "ENG"]
[SourceTitle "playchess.com"]
[Source "ChessBase"]
[SourceQuality "1"]
[TimeControl "40/6000+30:3000+30"]

1. e4 c5 2. Nf3 Nc6 3. Bb5 g6 4. O-O Bg7 5. Qe2 Nf6 6. d3 O-O 7. e5 Nd5 8. h3 Nc7 9. Bxc6 dxc6 10. c3 Ne6 11. Na3 b6 12. Be3 Ba6 13. Rad1 Qc7 14. Bc1 Rad8 15. Rfe1 Rd5 16. Nc2 Rfd8 17. c4 R5d7 18. b3 Bb7 19. Ng5 Bc8 20. Nxe6 fxe6 21. h4 Rf8 22. Bb2 Rdd8 23. h5 gxh5 24. Qxh5 Rf5 25. Qg4 Rdf8 26. Rd2 Kh8 27. Re4 Bh6 28. Rde2 Rg8 29. Qh3 Bg5 30. Ne1 Bd7 31. Nf3 Be8 32. Rg4 Bf7 33. Ree4 Qd8 34. d4 Rg6 35. Nxg5 Rfxg5 36. Rxg5 Rxg5 37. Bc1 Rh5 38. Qe3 Bg6 39. Rf4 Rf5 40. Rg4 Rf8 41. Rxg6 hxg6 42. Qh6+ Kg8 43. Qxg6+ Kh8 44. Qh5+ Kg8 45. Bh6 1-0

[Event "Caplin Hastings Masters 2023-24"]
[Site "Hastings"]
[Date "2024.01.04"]
[Round "8.18"]
[White "Gimenez Menchon, Cesar"]
[Black "Waldhausen Gordon, Frederick"]
[Result "0-1"]
[ECO "B22"]
[WhiteElo "2088"]
[BlackElo "2338"]
[Annotator "RC"]
[PlyCount "100"]
[EventDate "2023.12.18"]
[EventType "swiss"]
[EventCountry "ENG"]
[SourceTitle "playchess.com"]
[Source "ChessBase"]
[SourceQuality "1"]
[TimeControl "40/6000+30:3000+30"]

1. e4 c5 2. c3 Nf6 3. e5 Nd5 4. Nf3 d6 5. Bb5+ Bd7 6. Bc4 e6 7. d4 Bc6 8. O-O cxd4 9. exd6 Nb6 10. Bb3 dxc3 11. Nxc3 Bxd6 12. Ng5 O-O 13. Qc2 g6 14. Rd1 Qc7 15. Rxd6 Qxd6 16. Nge4 Qe5 17. Bh6 Rc8 18. Rd1 N8d7 19. Qd2 Bxe4 20. Re1 Nf6 21. f3 Nc4 22. Bxc4 Rxc4 23. fxe4 Qd4+ 24. Qxd4 Rxd4 25. Bg5 Nd7 26. h3 f6 27. Be3 Rc4 28. Rd1 Ne5 29. g4 g5 30. Kg2 a6 31. Rd6 Rc6 32. Rd1 b5 33. Kg3 h6 34. Ne2 Nc4 35. Bc1 Rd6 36. Rf1 Rd3+ 37. Kh2 Kg7 38. Ng3 Kg6 39. Nh5 Rf8 40. b3 Nd2 41. Bxd2 Rxd2+ 42. Kg3 Rxa2 43. e5 f5 44. Rc1 Rd8 45. Rc3 b4 46. Rf3 f4+ 47. Nxf4+ gxf4+ 48. Rxf4 Rd3+ 49. Kh4 Rh2 50. Rf6+ Kg7 0-1